[ PARTIDA AOE2 · #507380936 ]
UnrankedIncas vs Malians
Equipo del jugador · DERR
Equipo rival · VICT
[ ANÁLISIS DE REPETICIÓN · EXTRAÍDO DE LA PARTIDA GRABADA ]
Feudal
9:16
Castillos
22:37
Imperial
—
| APM promedio | 52.6 |
| APM pico | 83 |
| eAPM promedio | 28.9 |
| Aldeanos / militares | 70 / 29 |
Foco
⚔️ 46.0% · 🌾 54.0%
Skirmisher ×15 · Petard ×10 · Archer ×3 · Spearman ×1
Feudal
10:15
Castillos
20:35
Imperial
—
| APM promedio | 66.8 |
| APM pico | 121 |
| eAPM promedio | 29.9 |
| Aldeanos / militares | 64 / 38 |
Foco
⚔️ 61.5% · 🌾 38.5%
Gbeto ×20 · Militia ×13 · Mangonel ×4 · Skirmisher ×1
Mapa de la partida
Recursos iniciales + cada clic de construcción. Líneas = muros · curvas = relieve. ◆ oro · ⬟ piedra · ● bayas · ✦ reliquia · ◌ hueco del cierre
Tu base· ✓ Cerrada en 22:37 · 80t muro · sin puerta
Base de OS+ | Tiggerr· ✓ Cerrada en 20:35 · 55t muro · sin puerta
Terreno inicial suavizado · ◌ = hueco del cierre detectado · pasá el cursor para detalles
Inputs por minuto
— CNZS_情场浪子 - - OS+ | Tiggerr
Build order — CNZS_情场浪子
Primeras 150 de 213 acciones detectadas
| 0:01 | Encolar | Villager (Male) |
| 0:01 | Encolar | Villager (Male) |
| 0:01 | Encolar | Villager (Male) |
| 0:02 | Construir | House |
| 0:12 | Encolar | Villager (Male) |
| 0:12 | Encolar | Villager (Male) |
| 1:26 | Encolar | Villager (Male) |
| 1:26 | Encolar | Villager (Male) |
| 1:51 | Construir | Settlement |
| 1:54 | Encolar | Villager (Male) |
| 2:14 | Encolar | Villager (Male) |
| 2:46 | Encolar | Villager (Male) |
| 2:46 | Encolar | Villager (Male) |
| 3:39 | Encolar | Villager (Male) |
| 3:39 | Encolar | Villager (Male) |
| 3:39 | Encolar | Villager (Male) |
| 4:27 | Encolar | Villager (Male) |
| 4:32 | Encolar | Villager (Male) |
| 4:43 | Construir | Palisade Wall |
| 5:06 | Construir | Settlement |
| 5:19 | Encolar | Villager (Male) |
| 5:43 | Encolar | Villager (Male) |
| 6:09 | Encolar | Villager (Male) |
| 6:19 | Investigar | Loom |
| 6:50 | Construir | Palisade Wall |
| 6:56 | Investigar | Feudal Age |
| 7:27 | Construir | Barracks |
| 7:42 | Construir | Palisade Wall |
| 7:44 | Construir | Palisade Wall |
| 7:59 | Construir | Palisade Wall |
| 8:01 | Construir | Palisade Wall |
| 8:04 | Construir | Palisade Wall |
| 8:05 | Encolar | Villager (Male) |
| 8:18 | Construir | Palisade Wall |
| 8:20 | Construir | Palisade Wall |
| 8:23 | Construir | Palisade Wall |
| 8:26 | Construir | Palisade Wall |
| 8:46 | Construir | Palisade Wall |
| 9:16 | Edad | Edad Feudal |
| 9:17 | Construir | Archery Range |
| 9:18 | Encolar | Spearman |
| 9:20 | Investigar | Double-Bit Axe |
| 9:25 | Encolar | Villager (Male) |
| 9:56 | Encolar | Villager (Male) |
| 9:59 | Encolar | Skirmisher |
| 10:17 | Encolar | Villager (Male) |
| 10:30 | Construir | Settlement |
| 10:41 | Encolar | Villager (Male) |
| 10:46 | Encolar | Skirmisher |
| 11:00 | Construir | Palisade Wall |
| 11:04 | Construir | Palisade Wall |
| 11:06 | Construir | Palisade Wall |
| 11:08 | Construir | Palisade Wall |
| 11:09 | Encolar | Skirmisher |
| 11:11 | Encolar | Villager (Male) |
| 11:14 | Construir | House |
| 11:22 | Encolar | Skirmisher |
| 11:36 | Encolar | Skirmisher |
| 11:41 | Encolar | Villager (Male) |
| 11:50 | Construir | Blacksmith |
| 11:55 | Construir | Palisade Wall |
| 11:57 | Construir | Palisade Wall |
| 11:58 | Construir | Palisade Wall |
| 11:59 | Construir | Palisade Wall |
| 12:06 | Construir | Palisade Wall |
| 12:16 | Encolar | Villager (Male) |
| 12:22 | Construir | House |
| 12:24 | Encolar | Villager (Male) |
| 12:26 | Encolar | Skirmisher |
| 12:42 | Encolar | Villager (Male) |
| 12:44 | Construir | Farm |
| 12:46 | Construir | Farm |
| 12:54 | Encolar | Skirmisher |
| 13:05 | Investigar | Fletching |
| 13:05 | Investigar | Fletching |
| 13:08 | Encolar | Villager (Male) |
| 13:13 | Construir | Watch Tower |
| 13:19 | Encolar | Skirmisher |
| 13:34 | Encolar | Skirmisher |
| 13:42 | Construir | Farm |
| 13:44 | Construir | Farm |
| 13:46 | Construir | Farm |
| 13:47 | Construir | Farm |
| 13:54 | Encolar | Villager (Male) |
| 14:03 | Encolar | Skirmisher |
| 14:04 | Encolar | Villager (Male) |
| 14:08 | Construir | Settlement |
| 14:14 | Construir | Palisade Wall |
| 14:18 | Encolar | Skirmisher |
| 14:19 | Encolar | Villager (Male) |
| 14:34 | Construir | Farm |
| 14:36 | Construir | Farm |
| 14:55 | Encolar | Skirmisher |
| 15:06 | Encolar | Villager (Male) |
| 15:13 | Encolar | Skirmisher |
| 15:14 | Encolar | Villager (Male) |
| 15:17 | Construir | Farm |
| 15:20 | Construir | Farm |
| 15:32 | Construir | Farm |
| 15:41 | Encolar | Skirmisher |
| 16:00 | Encolar | Villager (Male) |
| 16:04 | Encolar | Skirmisher |
| 16:18 | Construir | House |
| 16:22 | Encolar | Villager (Male) |
| 16:25 | Construir | Farm |
| 16:26 | Construir | Farm |
| 16:32 | Construir | Palisade Wall |
| 16:38 | Construir | Palisade Wall |
| 16:40 | Construir | Palisade Wall |
| 16:41 | Construir | House |
| 16:50 | Encolar | Villager (Male) |
| 16:53 | Encolar | Archer |
| 17:00 | Encolar | Villager (Male) |
| 17:25 | Encolar | Villager (Male) |
| 17:31 | Construir | Farm |
| 17:48 | Encolar | Archer |
| 17:52 | Construir | Farm |
| 18:01 | Construir | Farm |
| 18:01 | Encolar | Villager (Male) |
| 18:21 | Construir | Palisade Wall |
| 18:23 | Construir | Palisade Wall |
| 18:25 | Construir | Palisade Wall |
| 18:27 | Encolar | Villager (Male) |
| 18:30 | Construir | Farm |
| 18:30 | Construir | Farm |
| 18:40 | Construir | House |
| 18:43 | Construir | Palisade Wall |
| 18:45 | Construir | Palisade Wall |
| 18:53 | Construir | Palisade Wall |
| 18:55 | Construir | Palisade Wall |
| 18:56 | Construir | Palisade Wall |
| 19:01 | Encolar | Villager (Male) |
| 19:25 | Encolar | Villager (Male) |
| 19:30 | Encolar | Archer |
| 19:57 | Investigar | Castle Age |
| 20:12 | Construir | Palisade Wall |
| 20:17 | Construir | Palisade Wall |
| 20:39 | Investigar | Horse Collar |
| 20:42 | Investigar | Gold Mining |
| 20:48 | Construir | Palisade Wall |
| 21:22 | Encolar | Villager (Male) |
| 21:30 | Construir | Settlement |
| 21:41 | Construir | House |
| 21:49 | Construir | Archery Range |
| 22:04 | Construir | House |
| 22:37 | Edad | Edad de los Castillos |
| 22:43 | Construir | Town Center |
| 22:45 | Encolar | Villager (Male) |
| 22:48 | Construir | House |
| 23:19 | Encolar | Villager (Male) |
Build order — OS+ | Tiggerr
Primeras 150 de 181 acciones detectadas
| 0:00 | Encolar | Villager (Male) |
| 0:01 | Encolar | Villager (Male) |
| 0:02 | Construir | House |
| 0:03 | Construir | House |
| 0:13 | Encolar | Villager (Male) |
| 0:22 | Encolar | Villager (Male) |
| 0:22 | Encolar | Villager (Male) |
| 1:28 | Encolar | Villager (Male) |
| 1:53 | Construir | Lumber Camp |
| 1:58 | Encolar | Villager (Male) |
| 2:14 | Encolar | Villager (Male) |
| 2:56 | Encolar | Villager (Male) |
| 3:08 | Encolar | Villager (Male) |
| 3:27 | Construir | House |
| 3:29 | Encolar | Villager (Male) |
| 4:02 | Encolar | Villager (Male) |
| 4:15 | Construir | Barracks |
| 4:16 | Construir | House |
| 4:31 | Encolar | Villager (Male) |
| 4:59 | Encolar | Villager (Male) |
| 5:07 | Encolar | Villager (Male) |
| 5:34 | Encolar | Militia |
| 5:55 | Encolar | Villager (Male) |
| 6:02 | Encolar | Militia |
| 6:03 | Encolar | Militia |
| 6:21 | Encolar | Villager (Male) |
| 6:48 | Encolar | Villager (Male) |
| 6:58 | Construir | Mill |
| 7:04 | Construir | Mining Camp |
| 7:07 | Encolar | Villager (Male) |
| 7:20 | Construir | House |
| 7:41 | Encolar | Villager (Male) |
| 8:05 | Investigar | Feudal Age |
| 8:12 | Construir | Palisade Wall |
| 8:58 | Encolar | Militia |
| 9:16 | Encolar | Militia |
| 9:27 | Construir | Palisade Wall |
| 9:32 | Construir | Palisade Wall |
| 9:51 | Construir | House |
| 10:15 | Edad | Edad Feudal |
| 10:20 | Investigar | Man-at-Arms (upgrade) |
| 10:21 | Encolar | Villager (Male) |
| 10:23 | Construir | Farm |
| 10:27 | Construir | Archery Range |
| 10:29 | Construir | Farm |
| 10:31 | Construir | Farm |
| 10:41 | Investigar | Loom |
| 10:42 | Investigar | Double-Bit Axe |
| 11:01 | Encolar | Villager (Male) |
| 11:04 | Construir | Farm |
| 11:05 | Construir | Lumber Camp |
| 11:18 | Encolar | Villager (Male) |
| 11:23 | Encolar | Militia |
| 11:27 | Construir | House |
| 11:33 | Encolar | Villager (Male) |
| 11:37 | Construir | Farm |
| 11:48 | Encolar | Militia |
| 11:56 | Construir | Farm |
| 12:11 | Encolar | Villager (Male) |
| 12:25 | Encolar | Militia |
| 12:26 | Encolar | Villager (Male) |
| 12:28 | Construir | Farm |
| 12:30 | Construir | Farm |
| 13:00 | Encolar | Villager (Male) |
| 13:02 | Construir | Blacksmith |
| 13:05 | Investigar | Arson |
| 13:32 | Encolar | Villager (Male) |
| 13:37 | Construir | Farm |
| 13:51 | Investigar | Scale Mail Armor |
| 13:53 | Encolar | Villager (Male) |
| 13:56 | Construir | Farm |
| 13:58 | Construir | Farm |
| 14:09 | Encolar | Militia |
| 14:11 | Encolar | Villager (Male) |
| 14:16 | Construir | House |
| 14:17 | Construir | House |
| 14:28 | Encolar | Militia |
| 14:32 | Construir | Farm |
| 14:44 | Construir | House |
| 14:45 | Construir | Palisade Wall |
| 15:15 | Encolar | Militia |
| 15:16 | Encolar | Villager (Male) |
| 15:33 | Encolar | Villager (Male) |
| 15:35 | Construir | Farm |
| 15:38 | Construir | House |
| 15:40 | Construir | Palisade Wall |
| 16:08 | Encolar | Villager (Male) |
| 16:10 | Encolar | Villager (Male) |
| 16:12 | Encolar | Villager (Male) |
| 16:27 | Investigar | Wheelbarrow |
| 16:29 | Construir | Farm |
| 17:28 | Encolar | Villager (Male) |
| 17:35 | Construir | House |
| 17:42 | Construir | Mining Camp |
| 17:55 | Investigar | Castle Age |
| 18:06 | Encolar | Skirmisher |
| 19:13 | Encolar | Militia |
| 19:14 | Encolar | Militia |
| 19:17 | Investigar | Forging |
| 19:20 | Construir | Farm |
| 19:21 | Investigar | Horse Collar |
| 20:35 | Edad | Edad de los Castillos |
| 20:39 | Encolar | Villager (Male) |
| 20:41 | Investigar | Bow Saw |
| 20:50 | Encolar | Villager (Male) |
| 21:26 | Construir | Castle |
| 21:45 | Encolar | Villager (Male) |
| 21:45 | Encolar | Villager (Male) |
| 21:55 | Construir | Siege Workshop |
| 22:05 | Encolar | Villager (Male) |
| 22:37 | Encolar | Mangonel |
| 22:40 | Encolar | Gbeto |
| 22:41 | Encolar | Gbeto |
| 22:41 | Encolar | Gbeto |
| 22:46 | Investigar | Chain Mail Armor |
| 22:48 | Encolar | Villager (Male) |
| 23:01 | Encolar | Gbeto |
| 23:02 | Encolar | Gbeto |
| 23:12 | Encolar | Gbeto |
| 23:21 | Encolar | Mangonel |
| 23:22 | Encolar | Villager (Male) |
| 23:31 | Construir | Town Center |
| 23:40 | Encolar | Gbeto |
| 23:43 | Investigar | Squires |
| 24:01 | Encolar | Gbeto |
| 24:02 | Encolar | Villager (Male) |
| 24:15 | Encolar | Gbeto |
| 24:21 | Encolar | Villager (Male) |
| 24:33 | Construir | Town Center |
| 24:40 | Encolar | Gbeto |
| 24:41 | Encolar | Villager (Male) |
| 24:45 | Construir | Farm |
| 24:46 | Construir | Farm |
| 25:03 | Encolar | Gbeto |
| 25:06 | Encolar | Villager (Male) |
| 25:08 | Construir | Farm |
| 25:08 | Construir | Farm |
| 25:09 | Construir | Farm |
| 25:27 | Encolar | Gbeto |
| 25:27 | Encolar | Villager (Male) |
| 25:29 | Construir | Lumber Camp |
| 25:31 | Construir | Farm |
| 25:33 | Construir | Farm |
| 25:34 | Encolar | Villager (Male) |
| 25:52 | Encolar | Gbeto |
| 25:53 | Encolar | Villager (Male) |
| 25:56 | Construir | Farm |
| 25:57 | Construir | Farm |
| 25:57 | Construir | Farm |
| 25:57 | Construir | Farm |
Cronología de la partida
| 4:15 | OS+ | Tiggerr · first_building Barracks |
| 4:43 | CNZS_情场浪子 · wall_segment Palisade Wall x16 |
| 6:50 | CNZS_情场浪子 · wall_segment Palisade Wall x5 |
| 7:27 | CNZS_情场浪子 · first_building Barracks |
| 7:42 | CNZS_情场浪子 · wall_segment Palisade Wall x1 |
| 7:44 | CNZS_情场浪子 · wall_segment Palisade Wall x1 |
| 7:59 | CNZS_情场浪子 · wall_segment Palisade Wall x1 |
| 8:01 | CNZS_情场浪子 · wall_segment Palisade Wall x1 |
| 8:04 | CNZS_情场浪子 · wall_segment Palisade Wall x1 |
| 8:12 | OS+ | Tiggerr · wall_segment Palisade Wall x18 |
| 8:18 | CNZS_情场浪子 · wall_segment Palisade Wall x1 |
| 8:20 | CNZS_情场浪子 · wall_segment Palisade Wall x1 |
| 8:23 | CNZS_情场浪子 · wall_segment Palisade Wall x1 |
| 8:26 | CNZS_情场浪子 · wall_segment Palisade Wall x1 |
| 8:46 | CNZS_情场浪子 · wall_segment Palisade Wall x1 |
| 9:16 | CNZS_情场浪子 · age_up feudal |
| 9:17 | CNZS_情场浪子 · first_building Archery Range |
| 9:27 | OS+ | Tiggerr · wall_segment Palisade Wall x2 |
| 9:32 | OS+ | Tiggerr · wall_segment Palisade Wall x2 |
| 10:15 | OS+ | Tiggerr · age_up feudal |
| 10:27 | OS+ | Tiggerr · first_building Archery Range |
| 11:00 | CNZS_情场浪子 · wall_segment Palisade Wall x1 |
| 11:04 | CNZS_情场浪子 · wall_segment Palisade Wall x1 |
| 11:06 | CNZS_情场浪子 · wall_segment Palisade Wall x1 |
| 11:08 | CNZS_情场浪子 · wall_segment Palisade Wall x1 |
| 11:55 | CNZS_情场浪子 · wall_segment Palisade Wall x1 |
| 11:57 | CNZS_情场浪子 · wall_segment Palisade Wall x1 |
| 11:58 | CNZS_情场浪子 · wall_segment Palisade Wall x1 |
| 11:59 | CNZS_情场浪子 · wall_segment Palisade Wall x1 |
| 12:06 | CNZS_情场浪子 · wall_segment Palisade Wall x1 |
| 14:14 | CNZS_情场浪子 · wall_segment Palisade Wall x1 |
| 14:45 | OS+ | Tiggerr · wall_segment Palisade Wall x13 |
| 15:40 | OS+ | Tiggerr · wall_segment Palisade Wall x20 |
| 16:32 | CNZS_情场浪子 · wall_segment Palisade Wall x1 |
| 16:38 | CNZS_情场浪子 · wall_segment Palisade Wall x1 |
| 16:40 | CNZS_情场浪子 · wall_segment Palisade Wall x1 |
| 18:21 | CNZS_情场浪子 · wall_segment Palisade Wall x1 |
| 18:23 | CNZS_情场浪子 · wall_segment Palisade Wall x1 |
| 18:25 | CNZS_情场浪子 · wall_segment Palisade Wall x1 |
| 18:43 | CNZS_情场浪子 · wall_segment Palisade Wall x1 |
| 18:45 | CNZS_情场浪子 · wall_segment Palisade Wall x1 |
| 18:53 | CNZS_情场浪子 · wall_segment Palisade Wall x1 |
| 18:55 | CNZS_情场浪子 · wall_segment Palisade Wall x1 |
| 18:56 | CNZS_情场浪子 · wall_segment Palisade Wall x1 |
| 20:12 | CNZS_情场浪子 · wall_segment Palisade Wall x16 |
| 20:17 | CNZS_情场浪子 · wall_segment Palisade Wall x5 |
| 20:35 | OS+ | Tiggerr · age_up castle |
| 20:48 | CNZS_情场浪子 · wall_segment Palisade Wall x10 |
| 21:26 | OS+ | Tiggerr · first_building Castle |
| 21:55 | OS+ | Tiggerr · first_building Siege Workshop |
| 22:37 | CNZS_情场浪子 · age_up castle |
| 28:27 | CNZS_情场浪子 · resign |
[ ANÁLISIS IA · 1 CRÉDITO ]
¿Qué pasó realmente en esta partida?
Wolo.gg analiza cada decisión: build order, eco, micro, errores típicos por bracket. Análisis personalizado por WhatsApp o Discord en 30 segundos.
Guía civ
Incas
Perfil
Jugador #10044347